AoeStats
← [RZ] HardZeeiRa-BR

Golden Pit

509897781Analyzed
1v1 RM · 4d ago on Sep 28, 2026· 16m 8s· 2 players
Game mode
Random Map
Map size
Tiny (2 player)
Population
200
Speed
Normal
Resources
Standard
Victory
Conquest
Starting age
Dark Age
Ending age
Imperial Age
RankedLock teamsTeams togetherTeam positionsShared explorationLock speedFull tech treeHidden civsTurbo modeCheats
Victory
Defeat
🇧🇷 Varangians · Brazil
1223
+16
🇨🇭 Khitans · Switzerland
1217
-16
dr.fux
8:41 Feudal Age
9:25 Loom
10:01 Double-Bit Axe
10:10 Domestication
[RZ] HardZeeiRa-BR
6:05 Loom
8:44 Feudal Age
9:37 Double-Bit Axe
14:59 Bloodlines
Connection lost

Rejoining the realm…

Still unreachable

The connection could not be restored.

Session expired

The server has moved on; the page needs a fresh start.